 Dungeon Crawl Stone Soup version 0.30-a0-964-gd452b5e7fa (webtiles) character file.

Game seed: 3097771182721281647

3251 ragingrage the Geomancer (level 9, 0/54 (58) HPs)
             Began as an Octopode Warper on Mar 30, 2023.
             Was an Initiate of Gozag.
             Slain by a wight
             ... wielding a +0 great sword
              (13 damage)
             ... on level 10 of the Dungeon.
             The game lasted 00:11:13 (7901 turns).

ragingrage the Geomancer (Octopode Warper)          Turns: 7901, Time: 00:11:14

HP:   0/54 (58)     AC:  9    Str: 10    XL:     9   Next: 99%
MP:   15/15         EV: 13    Int: 23    God:    Gozag
Gold: 157           SH:  0    Dex: 13    Spells: 6/16 levels left

rFire   + . .      SeeInvis .    b - +6 quarterstaff of Destruction {flame, rElec rCorr Int+5}
rCold   + . .      Faith    .    (shield currently unavailable)
rNeg    . . .      Spirit   .    (helmet restricted)
rPois   +          Reflect  .    u - amulet of regeneration
rElec   +          Rampage  .    j - ring of poison resistance
rCorr   +                        d - +4 ring of protection
Will    .....                    x - ring of wizardry
Stlth   ++++                     E - +4 ring of protection
HPRegen 1.09/turn                (no ring)
MPRegen 0.14/turn                (no ring)
                                 (no ring)
                                 (no ring)

@: mighty, lethally poisoned (0 -> -1), resistant, gold aura, drained
A: almost no armour, amphibious, 8 rings, camouflage 1, gelatinous body 1,
(nimble swimmer 1), tentacles
a: Renounce Religion, Potion Petition, Call Merchant, Bribe Branch


You were on level 10 of the Dungeon.
You worshipped Gozag.
Gozag was aware of your devotion.
You visited 2 branches of the dungeon, and saw 11 of its levels.

You collected 767 gold pieces.
You paid 610 gold pieces to Gozag.

Inventory:

Hand Weapons
 a - a +4 dagger
 b - the +6 quarterstaff of Destruction (weapon) {flame, rElec rCorr Int+5}
   (You found it on level 2 of the Dungeon)

   Int:       It affects your intelligence (+5).
   rElec:     It insulates you from electricity.
   rCorr:     It protects you from acid and corrosion.
 e - a +0 long sword
Missiles
 c - 5 boomerangs of dispersal
 g - 17 poisoned darts
 o - 9 boomerangs
Jewellery
 d - a +4 ring of protection (right tentacle)
 j - a ring of poison resistance (left tentacle)
 n - an amulet of reflection
 u - an amulet of regeneration (around mantle)
 x - a ring of wizardry (on tentacle)
 E - a +4 ring of protection (on tentacle)
Wands
 C - a wand of light (8)
 F - a wand of mindburst (8)
Scrolls
 f - a scroll of butterflies {unknown}
 l - 2 scrolls of fog
 r - a scroll of blinking
 t - a scroll of fear {unknown}
 v - 5 scrolls of vulnerability
 w - 2 scrolls of teleportation {unknown}
 y - 2 scrolls of amnesia {unknown}
 B - a scroll of noise {unknown}
 H - a scroll of identify
Potions
 h - a potion of ambrosia {unknown}
 i - 7 potions of curing
 k - a potion of cancellation
 m - 2 potions of heal wounds
 p - a potion of berserk rage {unknown}
 q - 3 potions of flight
 s - 2 potions of attraction
 z - a potion of resistance {unknown}
 A - a potion of degeneration {unknown}
 D - 3 potions of might {unknown}
 G - a potion of brilliance {unknown}


   Skills:
 - Level 4.0 Fighting
 - Level 2.1(2.8) Short Blades
 - Level 2.6(3.1) Long Blades
 - Level 1.0 Throwing
 - Level 3.0 Dodging
 + Level 5.9 Stealth
 - Level 4.0 Spellcasting
 - Level 5.0 Conjurations
 - Level 3.0 Translocations
 + Level 5.9 Transmutations
 + Level 8.0 Earth Magic


You had 6 spell levels left.
You knew the following spells:

 Your Spells              Type           Power      Damage    Failure   Level
a - Blink                 Tloc           36%        N/A       1%          2
b - Lesser Beckoning      Tloc           36%        N/A       1%          2
c - Sandblast             Erth           82%        2d17      1%          1
d - Passwall              Tmut/Erth      30%        N/A       1%          2
e - Stone Arrow           Conj/Erth      68%        3d11      1%          3

Your spell library contained the following spells:

 Spells                   Type           Power      Damage    Failure   Level
 Beastly Appendage        Tmut           64%        N/A       1%          1
 Momentum Strike          Conj/Tloc      46%        3d9       1%          2
 Wereblood                Tmut           32%        N/A       1%          2
 Gell's Gravitas          Tloc           18%        N/A       3%          3
 Teleport Other           Tloc           18%        N/A       3%          3
 Slow                     Hex            16%        N/A       4%          1
 Spider Form              Tmut/Pois      18%        N/A       4%          3
 Vhi's Electric Charge    Tloc/Air       22%        N/A       7%          3
 Confusing Touch          Hex            4%         N/A       12%         3
 Vampiric Draining        Necr           4%         2d6       12%         3
 Manifold Assault         Tloc           18%        N/A       12%         4
 Dispersal                Tloc           9%         N/A       86%         6
 Eringya's Noxious Bog    Tmut/Pois      9%         N/A       86%         6


Dungeon Overview and Level Annotations

Branches:
Dungeon (10/15)            Temple (1/1) D:4
   Lair: D:8-11         Orc: D:9-12

Altars:
Ashenzari
Dithmenos
Fedhas
Gozag
Hepliaklqana
Kikubaaqudgha
Makhleb
Nemelex Xobeh
Okawaru
Qazlal
Ru
Sif Muna
Trog
Uskayaw
Vehumet
Wu Jian
Xom
Yredelemnul
Zin
The Shining One

Shops:
D:2 [   D:6 :

Annotations:
D:7 exclusion: downstairs


Innate Abilities, Weirdness & Mutations

You cannot wear most types of armour.
You are amphibious.
You can wear up to eight rings at the same time.
Your skin changes colour to match your surroundings (Stealth+).
Your rubbery body absorbs attacks. (AC +1, EV +1)
((You are camouflaged when in or above water. (Stealth+)))
You have tentacles for arms and can constrict up to eight enemies at once.


Message History

You climb upwards.
The killer bee barely misses you.
The killer bee stings you but does no damage.
The killer bee stings you. The killer bee misses you.
The wight hits you with a +0 great sword!
The killer bee barely misses you. The killer bee closely misses you.
The killer bee barely misses you.
The wight hits you with a +0 great sword.
There is a stone staircase leading down here.
Unknown command.
The killer bee barely misses you.
The killer bee stings you but does no damage. x2
The killer bee stings you.
The killer bee stings you but does no damage.
The killer bee barely misses you.
The wight hits you with a +0 great sword!
You feel drained.
You climb downwards.
There is a stone staircase leading up, spattered with blood here.
Unknown command.
You sock the killer bee! You burn the killer bee.
Your grab misses the killer bee. Your squeeze misses the killer bee.
The killer bee stings you! The killer bee barely misses you.
The killer bee misses you.
The killer bee stings you but does no damage.
The killer bee misses you. The killer bee barely misses you.
The wight hits you with a +0 great sword.
You feel drained. The killer bee closely misses you.
The killer bee barely misses you. x2
You thump the killer bee! You burn the killer bee.
You kill the killer bee!
The killer bee stings you. The killer bee barely misses you.
The wight closely misses you. The killer bee misses you.
The killer bee stings you but does no damage.
The killer bee stings you. The killer bee stings you!
* * * LOW HITPOINT WARNING * * *
You are poisoned.
The killer bee poisons you!
The wight hits you with a +0 great sword!
You die...
Your body crumbles into a pile of gold.

$ . $
#############...
......)y.y......
.......[@......#
.......$#z.....#
........########
.........
[........
..........
........##
.........


You could see 2 killer bees and a wight.

Vanquished Creatures
  Maurice (D:8)
  Sigmund (D:5)
  A steam dragon (D:7)
  Edmund (D:5)
  4 water moccasins
  2 ice beasts
  A black bear (D:5)
  2 orc warriors
  A sky beast (D:6)
  2 centaurs (D:9)
  4 ogres
  3 bullfrogs
  A gnoll sergeant (D:5)
  3 scorpions
  A wight (D:10)
  A killer bee (D:10)
  A howler monkey (D:5)
  A jelly (D:5)
  4 orc priests
  An iguana (D:4)
  Terence (D:3)
  2 orc wizards (D:9)
  3 gnolls (D:5)
  13 adders
  A shadow imp (D:6)
  2 white imps (D:8)
  4 worms
  4 dart slugs
  22 orcs
  10 endoplasms
  4 giant cockroaches
  4 goblins
  7 hobgoblins
  6 jackals
  5 quokkas
  7 ball pythons
  5 bats
  5 frilled lizards
  8 kobolds
  7 rats
156 creatures vanquished.

Notes
Turn   | Place    | Note
-------+----------+-------------------------------------------
     0 | D:1      | ragingrage the Octopode Warper began the quest for the Orb.
     0 | D:1      | Reached XP level 1. HP: 14/14 MP: 3/3
   219 | D:1      | Reached skill level 1 in Short Blades
   219 | D:1      | Reached XP level 2. HP: 15/19 MP: 5/5
   399 | D:1      | Reached skill level 1 in Stealth
   452 | D:1      | Reached XP level 3. HP: 23/24 MP: 6/6
   699 | D:1      | Learned a level 2 spell: Blink
   705 | D:1      | Learned a level 2 spell: Lesser Beckoning
  1146 | D:2      | Found Bogasm's Armour Boutique.
  1276 | D:2      | Got the Excursus on Unstable Minerals
  1339 | D:2      | Reached XP level 4. HP: 29/29 MP: 7/7
  1341 | D:2      | Identified the +6 quarterstaff of Destruction {flame, rElec
                  | rCorr Int+5}
  1346 | D:2      | Learned a level 1 spell: Sandblast
  1719 | D:3      | Reached skill level 1 in Earth Magic
  1723 | D:3      | Learned a level 2 spell: Passwall
  2240 | D:3      | Noticed Terence
  2248 | D:3      | Reached skill level 2 in Earth Magic
  2270 | D:3      | Reached XP level 5. HP: 34/34 MP: 6/8
  2422 | D:3      | Killed Terence
  2750 | D:4      | Reached skill level 3 in Earth Magic
  2856 | D:4      | You fall into a shaft and drop 2 floors!
  2919 | D:5      | Entered Level 5 of the Dungeon
  2967 | D:5      | Reached XP level 6. HP: 41/41 MP: 7/9
  2998 | D:5      | Noticed a water moccasin
  3115 | D:4      | Found a staircase to the Ecumenical Temple.
  3132 | Temple   | Entered the Ecumenical Temple
  3183 | Temple   | Became a worshipper of Ru the Awakened
  3212 | D:4      | Found a hazy altar of Hepliaklqana.
  3413 | D:4      | Reached skill level 4 in Earth Magic
  3867 | D:4      | Reached skill level 1 in Transmutations
  3867 | D:4      | Reached XP level 7. HP: 28/48 MP: 6/10
  4318 | D:4      | Found a glowing golden altar of the Shining One.
  4323 | D:4      | Found a glowing silver altar of Zin.
  4327 | D:4      | Found a shimmering altar of Xom.
  4345 | D:4      | Learned a level 3 spell: Stone Arrow
  4428 | D:5      | Found an ornate altar of the Wu Jian Council.
  4444 | D:5      | Reached skill level 1 in Conjurations
  4567 | D:5      | Found an opulent altar of Gozag.
  4569 | D:5      | Found a shadowy altar of Dithmenos.
  4572 | D:5      | Fell from the grace of Ru
  4572 | D:5      | Became a worshipper of Gozag Ym Sagoz the Greedy
  4780 | D:5      | Reached skill level 5 in Earth Magic
  4780 | D:5      | Reached XP level 8. HP: 35/54 MP: 11/11
  4867 | D:5      | Noticed Sigmund
  4896 | D:5      | Killed Sigmund
  4945 | D:5      | Noticed Edmund
  4966 | D:5      | Killed Edmund
  4967 | D:5      | Reached skill level 6 in Earth Magic
  5447 | D:6      | Found Votugar's Book Shop.
  5804 | D:6      | Reached XP level 9. HP: 55/58 MP: 10/12
  5813 | D:6      | Reached skill level 5 in Conjurations
  5933 | D:6      | Found an ancient bone altar of Kikubaaqudgha.
  6297 | D:7      | Reached skill level 7 in Earth Magic
  6783 | D:8      | Noticed Maurice
  6969 | D:8      | Killed Maurice
  6970 | D:8      | Reached skill level 5 in Transmutations
  7634 | D:9      | Reached skill level 5 in Stealth
  7877 | D:9      | Noticed a two-headed ogre
  7887 | D:10     | Entered Level 10 of the Dungeon
  7893 | D:10     | Reached skill level 8 in Earth Magic
  7901 | D:10     | Slain by a wight

Illustrated notes

Levels and vault maps discovered:
D:1:      onia_arrival_mini_maze, layout_loops_ring
D:2:      layout_loops_ring, serial_shops, shop, minmay_strange_pillars,
          minmay_hexomino_f4
D:3:      layout_loops_ring, kennysheep_flooded_box, uniq_terence
D:4:      layout_rooms, worldfamousw_hep_ancestral_shrine,
          grunt_temple_overflow_diamond, minmay_temple_entry_mist
D:5:      layout_basic, grunt_temple_overflow_open, moated_statue,
          sigmund_edmund_badplayer
D:6:      layout_basic, mainiacjoe_overflow_alcove_2, serial_shops, shop,
          ebering_dispersal_statue_hall
D:7:      layout_loops_ring
D:8:      layout_gridville, uniq_maurice
D:9:      layout_gridville, chequers_serial_rivers_small_b
D:10:     layout_cross, lemuel_coloured_pillars_altar, elyvilon_altar_1,
          david_lair_shrubbed, biasface_ghost_orc_armoury, jiyva_altar_1,
          uniq_maggie, uniq_josephine
Temple:   nicolae_temple_ecumenical_triangle

Skill      XL: |  1  2  3  4  5  6  7  8  9 |
---------------+----------------------------+-----
Short Blades   | 1 2 |  2.1
Stealth        | 1 2 3 5 |  5.9
Earth Magic    | 2 3 4 5 6 8 |  8.0
Dodging        | 3 |  3.0
Fighting       | 4 |  4.0
Transmutations | 1 3 4 5 |  5.9
Conjurations   | 2 4 5 |  5.0
Spellcasting   | 4 |  4.0
Long Blades    | |  2.6
Throwing       | |  1.0
Translocations | |  3.0

Action                     |  1- 3 |  4- 6 |  7- 9 || total
---------------------------+-------+-------+-------++-------
  Melee: Falchion          |    10 |       |       ||    10
         Dagger            |    66 |     9 |     2 ||    77
         Constrict         |    13 |     5 |     9 ||    27
         Tentacles         |    12 |     4 |    12 ||    28
         Punch             |     1 |     1 |     1 ||     3
         Quarterstaff      |       |    13 |    56 ||    69
  Throw: Boomerang         |       |     2 |       ||     2
         Dart              |       |     7 |       ||     7
   Cast: Sandblast         |       |    53 |    91 ||   144
         Passwall          |       |     1 |     3 ||     4
         Stone Arrow       |       |       |    24 ||    24
 Invoke: Potion Petition   |       |       |     1 ||     1
  Evoke: Wand              |       |       |     2 ||     2
    Use: Scroll            |       |     1 |     6 ||     7
   Stab: Sleeping          |    17 |     4 |     3 ||    24
         Distracted        |       |       |     1 ||     1
 Armour: Skin              |    10 |     7 |    25 ||    42
  Dodge: Dodged            |    33 |    16 |   105 ||   154
  Block: Other             |     2 |     5 |     3 ||    10

Table legend: (Time is in decaauts)
 A = Elapsed time spent in this place.
 B = Non-inter-level travel time spent in this place.
 C = Inter-level travel time spent in this place.
 D = Time resting spent in this place.
 E = Time spent auto-exploring this place.
 F = Levels seen in this place.
 G = Mean time per level.
                   A        B        C        D        E       F      G
               +--------+--------+--------+--------+--------+-----+--------+
         Total |   7981 |   7669 |    312 |   1442 |   4825 |  11 |  725.5 |
       Dungeon |   7924 |   7612 |    312 |   1442 |   4807 |  10 |  792.4 |
        Temple |     56 |     56 |      0 |      0 |     18 |   1 |   56.0 |
               +--------+--------+--------+--------+--------+-----+--------+

Top non-repeatable levels by time:
     D:4: 1505 daAuts
     D:5: 1145 daAuts
     D:1: 1030 daAuts
     D:7: 1008 daAuts
     D:3: 1000 daAuts
     D:8: 671 daAuts
     D:2: 654 daAuts
     D:6: 623 daAuts
     D:9: 271 daAuts
  Temple: 56 daAuts
    D:10: 14 daAuts
